 Dungeon Crawl Stone Soup version 0.31.0-1-g2c135a0 (webtiles) character file.

Game seed: 5324656512280432158

1517 WillerEgger the Frost Mage (level 8, -2/52 HPs)
             Began as an Octopode Ice Elementalist on Mar 25, 2024.
             Was an Initiate of Vehumet.
             Killed from afar by a steam dragon (18 damage)
             ... with a ball of steam
             ... on level 6 of the Dungeon.
             The game lasted 00:47:44 (4108 turns).

WillerEgger the Frost Mage (OpIE)                   Turns: 4108, Time: 00:47:45

Health: -2/52      AC:  1    Str: 13    XL:     8   Next: 83%
Magic:  7/25       EV: 14    Int: 20    God:    Vehumet [......]
Gold:   267        SH:  0    Dex: 12    Spells: 8/18 levels left

rFire   . . .        p - +0 spear
rCold   . . .        (no shield)
rNeg    + + .        (helmet currently unavailable)
rPois   +            (no amulet)
rElec   .            m - ring of magical power
rCorr   .            q - ring of Xaydd {rN+ Slay+4}
SInv    .            C - ring of poison resistance
Will    .....        H - +6 ring of strength
Stlth   +++          J - ring of positive energy
HPRegen 0.28/turn    (no ring)
MPRegen 0.19/turn    (no ring)
                     (no ring)

%: no passive effects
@: beast-form
A: beast (slay +0), almost no armour, amphibious, 8 rings, camouflage 1,
gelatinous body 1, (nimble swimmer 1), tentacles
a: Begin Untransformation, Renounce Religion


You were on level 6 of the Dungeon.
You worshipped Vehumet.
Vehumet was noncommittal.
You were a hulking beast.
You visited 1 branch of the dungeon, and saw 6 of its levels.

You collected 267 gold pieces.

Inventory:

Hand Weapons
 a - a +0 sling
 b - a +1 whip of venom
 k - the +7 flail of Fragile Peace {freeze, rPois Dex+3}
   (You found it on level 4 of the Dungeon)

   Dex+3:     It affects your dexterity (+3).
   rPois:     It protects you from poison
 n - a +0 short sword
 p - a +0 spear (weapon)
 w - a +4 hand axe
 y - a +1 trident of protection
Missiles
 c - 43 stones (quivered)
 i - 6 poisoned darts
 j - a throwing net
 D - 3 javelins
Armour
 B - a +0 hat
Magical Staves
 f - a staff of cold
 u - a staff of earth
Jewellery
 m - a ring of magical power (left tentacle)
 q - the ring of Xaydd (right tentacle) {rN+ Slay+4}
   (You found it on level 2 of the Dungeon)

   [ring of slaying]

   Slay+4:    It affects your accuracy & damage with ranged weapons and melee
   (+4).
   rN+:       It protects you from negative energy.
 C - a ring of poison resistance (on tentacle)
 H - a +6 ring of strength (on tentacle)
 J - a ring of positive energy (on tentacle)
Talismans
 r - a talisman of death
 v - a beast talisman (active)
Scrolls
 e - a scroll of blinking
 t - a scroll of fear
 x - a scroll of amnesia
 z - a scroll of revelation {unknown}
 E - a scroll of vulnerability {unknown}
 G - 2 scrolls of teleportation
Potions
 d - a potion of magic
 g - a potion of cancellation {unknown}
 h - a potion of invisibility {unknown}
 l - 2 potions of curing
 o - 2 potions of heal wounds {unknown}
 s - a potion of enlightenment {unknown}
 A - a potion of might {unknown}
 F - a potion of attraction {unknown}
 I - a potion of degeneration {unknown}


   Skills:
 + Level 3.3 Fighting
 + Level 4.0 Dodging
 - Level 2.6 Stealth
 * Level 5.5 Spellcasting
 - Level 8.5 Ice Magic


You had 8 spell levels left.
You knew the following spells:

 Your Spells              Type           Power      Damage    Failure   Level
a - Freeze                Ice            100%       1d10      1%          1
b - Frozen Ramparts       Ice            78%        1d12      1%          3
c - Ozocubu's Armour      Ice            39%        N/A       1%          3
d - Summon Ice Beast      Ice/Summ       22%        N/A       6%          3

Your spell library contained the following spells:

 Spells                   Type           Power      Damage    Failure   Level
 Jinxbite                 Hex            10%        N/A       17%         2
 Static Discharge         Conj/Air       10%        3-4/arc   17%         2
 Tukima's Dance           Hex            5%         N/A       32%         3
 Airstrike                Air            2%         2d(1-17)  73%         4
 Passage of Golubria      Tloc           5%         N/A       73%         4
 Summon Lightning Spire   Summ/Air       5%         N/A       73%         4
 Yara's Violent Unravell  Hex/Alch       2%         3d3       97%         5
 Enfeeble                 Hex            2%         N/A       100%        7


Dungeon Overview and Level Annotations

Branches:
Dungeon (6/15)
 Temple: D:4-7

Altars:
Ashenzari
Kikubaaqudgha
Sif Muna
Vehumet


Innate Abilities, Weirdness & Mutations

You are a hulking beast.
Your limbs bulge with bestial killing power. (Slay +0)
You cannot wear most types of armour.
You are amphibious.
You can wear up to eight rings at the same time.
Your skin changes colour to match your surroundings (Stealth+).
Your rubbery body absorbs attacks. (AC +1, EV +1)
((You are camouflaged when in or above water. (Stealth+)))
You have tentacles for arms and can constrict up to eight enemies at once.


Message History

Reach: p) +0 spear
Press: ? - help, Dir - move target, f/p - white imp
Aim: a white imp (almost dead, ally target, about 35% to evade your +0 spear)
You could not reach far enough!
Your ice beast hits the white imp.
The white imp dies!
Vehumet accepts your kill.
J - a ring of positive energy
J - a ring of positive energy (on tentacle) As you open the door, it creaks loudly!
A steam dragon comes into view.
The steam dragon breathes steam at you. The ball of steam hits you!
Unknown command.
Unknown command.
Your ice beast barely misses the steam dragon.
Casting: Summon Ice Beast (dangerous; 6% risk of failure)
Confirm with . or Enter, or press ? or * to list all spells.
Casting: Frozen Ramparts (safe; 1% risk of failure)
Press: ? - help, Dir - look around, f - activate The walls around you are covered in ice.
The wall freezes the steam dragon but does no damage.
The steam dragon bites you! The steam dragon claws you.
Your ice beast hits the steam dragon but does no damage.
Unknown command.
Casting: Frozen Ramparts (safe; 1% risk of failure)
Confirm with . or Enter, or press ? or * to list all spells.
A film of ice covers your body!
The wall freezes the steam dragon!
The steam dragon breathes steam at you. The ball of steam hits you!
* * * LOW HITPOINT WARNING * * *
Your ice beast barely misses the steam dragon.
The heat melts your icy armour.
Unknown command.
Unknown command.
Your icy armour cracks and falls away as you move.
The frozen ramparts melt away as you move.
Your ice beast disappears in a puff of smoke!
The steam dragon breathes steam at you. The ball of steam hits you!!
You die...

#. #.###......
#.######.##...##
#...).)).#..<..##
##.######.......##
#...# #.........#
....... +......<..+
#.....####..§.....§#
##.#.## ##......§##
#.### ##..h.§## #.
##.§§## #. ##D##
.... ###..# #..#
...# .... ...#


You could see a steam dragon (catching breath).

Vanquished Creatures
  Pikel (D:4)
  A lemure (D:4)
  A phantom (D:5)
  3 wights (D:6)
  A howler monkey (D:5)
  2 orc priests
  A hound (D:4)
  A gnoll bouda (D:4)
  Jessica (D:3)
  An orc wizard (D:4)
  5 gnolls (D:4)
  3 adders (D:2)
  A shadow imp (D:4)
  A ribbon worm (D:3)
  15 orcs
  3 ball pythons
  10 endoplasms
  3 giant cockroaches
  5 goblins
  5 hobgoblins
  4 kobolds
  2 quokkas (D:3)
  4 bats
  3 frilled lizards
  5 rats
82 creatures vanquished.

Vanquished Creatures (collateral kills)
  Sigmund (D:4)
  A black bear (D:5)
  2 scorpions (D:4)
  2 hounds (D:5)
  An adder (D:4)
  A white imp (D:6)
  6 orcs
  A hobgoblin (D:4)
  2 quokkas
17 creatures vanquished.

Grand Total: 99 creatures vanquished

Notes
Turn   | Place    | Note
-------+----------+-------------------------------------------
     0 | D:1      | WillerEgger the Octopode Ice Elementalist began the quest
                  | for the Orb.
     0 | D:1      | Reached XP level 1. HP: 11/11 MP: 3/3
   219 | D:1      | Reached XP level 2. HP: 17/17 MP: 3/5
   753 | D:2      | Reached XP level 3. HP: 21/21 MP: 4/6
   759 | D:2      | Learned a level 3 spell: Frozen Ramparts
   771 | D:2      | Reached skill level 5 in Ice Magic
   977 | D:2      | Reached XP level 4. HP: 27/27 MP: 7/7
   986 | D:2      | Learned a level 3 spell: Ozocubu's Armour
  1036 | D:2      | Identified the ring of Xaydd {rN+ Slay+4}
  1076 | D:2      | Found a faded altar of an unknown god.
  1625 | D:3      | Reached skill level 6 in Ice Magic
  1922 | D:3      | Found an ancient bone altar of Kikubaaqudgha.
  1960 | D:3      | Reached XP level 5. HP: 31/31 MP: 8/8
  2014 | D:3      | Noticed Jessica
  2016 | D:3      | Killed Jessica
  2305 | D:4      | Reached XP level 6. HP: 11/36 MP: 6/10
  2313 | D:4      | Learned a level 3 spell: Summon Ice Beast
  2609 | D:4      | Noticed Sigmund
  2622 | D:4      | Killed Sigmund
  2623 | D:4      | Reached skill level 7 in Ice Magic
  2663 | D:4      | Reached XP level 7. HP: 41/41 MP: 11/11
  2796 | D:4      | Found a shimmering blue altar of Sif Muna.
  2805 | D:4      | Reached skill level 8 in Ice Magic
  2856 | D:4      | Identified the +7 flail of Fragile Peace {freeze, rPois
                  | Dex+3}
  3092 | D:4      | Noticed Pikel
  3112 | D:4      | Killed Pikel
  3113 | D:4      | Reached XP level 8. HP: 50/50 MP: 7/14
  3471 | D:5      | Entered Level 5 of the Dungeon
  3570 | D:5      | Found a broken altar of Ashenzari.
  3668 | D:5      | Reached skill level 5 in Spellcasting
  3684 | D:5      | Found a radiant altar of Vehumet.
  3690 | D:5      | Became a worshipper of Vehumet
  4108 | D:6      | Killed from afar by a steam dragon

Illustrated notes

Levels and vault maps discovered:
D:1:      dpeg_arrival_rhombus, layout_basic
D:2:      layout_basic, hellmonk_ecumenical_altar_heavens_door,
          hangedman_decor_push, grunt_decor_fettered, minmay_curled_crystal
D:3:      layout_loops_ring, nicolae_overflow_hidden_temple, uniq_jessica
D:4:      layout_basic, nicolae_sif_muna_little_library, st_stairs_8,
          nicolae_letterblocks [nicolae_letter_subblock,
          nicolae_letter_subblock, nicolae_letter_subblock,
          nicolae_letter_subblock, nicolae_letter_subblock,
          nicolae_letter_subblock, nicolae_letter_subblock,
          nicolae_letter_subblock, nicolae_letter_subblock,
          nicolae_letter_subblock, nicolae_letter_subblock,
          nicolae_letter_subblock, nicolae_letter_subblock,
          nicolae_letter_subblock, nicolae_letter_subblock,
          nicolae_letter_subblock, nicolae_letter_subblock,
          nicolae_letter_subblock, nicolae_letter_subblock,
          nicolae_letter_subblock, nicolae_letter_subblock,
          nicolae_letter_subblock, nicolae_letter_subblock,
          nicolae_letter_subblock, nicolae_letter_subblock], uniq_pikel,
          uniq_sigmund
D:5:      layout_cave_pools, lemuel_round_altar, nicolae_ashenzari_skybound,
          minivault_19
D:6:      black_bear_nest_2, layout_loops_corners, lemuel_temple_firewalk_b,
          gup_sewer_entry_bubbles, nicolae_shop_clearance

Skill      XL: |  1  2  3  4  5  6  7  8 |
---------------+-------------------------+-----
Ice Magic      | 5 6 7 8 |  8.5
Spellcasting   | 3 4 5 |  5.5
Fighting       | 2 3 |  3.3
Dodging        | 3 4 |  4.0
Stealth        | |  2.6

Action                     |  1- 3 |  4- 6 |  7- 9 || total
---------------------------+-------+-------+-------++-------
  Melee: Whip              |     6 |    20 |     4 ||    30
         Constrict         |     2 |     6 |     2 ||    10
         Tentacles         |     1 |     4 |       ||     5
         Spear             |       |     8 |    24 ||    32
         Trident           |       |     1 |     3 ||     4
   Fire: Sling             |    66 |    34 |    17 ||   117
  Throw: Stone             |       |     6 |     3 ||     9
         Dart              |       |       |     2 ||     2
   Cast: Freeze            |    17 |     9 |       ||    26
         Frozen Ramparts   |     3 |    14 |    13 ||    30
         Ozocubu's Armour  |       |     4 |     6 ||    10
         Summon Ice Beast  |       |     3 |    17 ||    20
    Use: Scroll            |       |       |     5 ||     5
   Stab: Sleeping          |       |     1 |       ||     1
 Armour: Skin              |     7 |     9 |    10 ||    26
  Dodge: Dodged            |     7 |    20 |     6 ||    33
   Form: Beast             |       |     1 |       ||     1
